 Dungeon Crawl Stone Soup version 0.20-a0-61-ga1b20b4 (webtiles) character file.

511 KristoblXynda the Shield-Bearer (level 6, -4/55 HPs)
             Began as a Deep Dwarf Fighter on Nov 17, 2016.
             Slain by Sigmund
             ... wielding a +0 scythe
              (8 damage)
             ... on level 5 of the Dungeon.
             The game lasted 00:04:59 (3163 turns).

KristoblXynda the Shield-Bearer (DDFi)              Turns: 3163, Time: 00:05:00

Health: -4/55      AC:  8    Str: 27      XL:     6   Next: 99%
Magic:  6/6        EV:  8    Int:  9 (11) God:
Gold:   126        SH: 10    Dex:  9 (12) Spells: 0 memorised, 5 levels left

rFire  . . .     SeeInvis .     a - +1 war axe
rCold  . . .     Gourm    .     b - +0 scale mail
rNeg   . . .     Faith    .     c - +0 shield
rPois  .         Spirit   .     (no helmet)
rElec  .         Reflect  .     (no cloak)
rCorr  .         Harm     .     h - +1 pair of gloves
MR     +....                    n - +1 pair of boots
Stlth  ..........               (no amulet)
                                p - ring of protection from magic
                                l - +3 ring of strength

@: mighty, corroded, non-regenerating
A: damage resistance, recharge devices, sense surroundings 1, slow regeneration
3
a: Device Recharging


You were on level 5 of the Dungeon.
You were not hungry.

You visited 1 branch of the dungeon, and saw 5 of its levels.

You collected 126 gold pieces.

Inventory:

Hand Weapons
 a - a +1 war axe (weapon)
Armour
 b - a +0 scale mail (worn)
 c - a +0 shield (worn)
 h - a +1 pair of gloves (worn)
 n - a +1 pair of boots (worn)
Jewellery
 l - a +3 ring of strength (left hand)
 p - a ring of protection from magic (right hand)
Wands
 e - a wand of heal wounds (2/9)
Scrolls
 o - a scroll of blinking
 t - a scroll of enchant armour
Potions
 d - a potion of might
 j - a potion of ambrosia {unknown}
 k - a potion of agility
 r - a potion of magic
 s - a potion of heal wounds {unknown}
Comestibles
 f - 3 bread rations
 g - 2 chunks of flesh
 q - a slice of pizza


   Skills:
 - Level 2.6 Fighting
 + Level 5.2 Axes
 + Level 5.5 Armour
 + Level 5.7 Shields


You had 5 spell levels left.
You didn't know any spells.

Dungeon Overview and Level Annotations

Branches:
Dungeon (5/15)
 Temple: D:4-7

Altars:
Fedhas

Annotations:
D:5 Sigmund


Innate Abilities, Weirdness & Mutations

You are resistant to damage.
You can recharge devices by infusing magical energy.
You passively map a small area around you.
You do not regenerate.


Message History

Unknown command.
Your shield and scale mail prevent you from hitting Sigmund.
You slash the centaur! You block the centaur's attack.
Sigmund gestures wildly while chanting.
Sigmund flickers and vanishes!
Deactivating autopickup; reactivate with Ctrl-A.
The centaur barely misses you. Something hits you.
* * * LOW HITPOINT WARNING * * *
You barely miss something. You slash the centaur!
The centaur hits you but does no damage. x2
You slash something! You barely miss the centaur.
The centaur hits you but does no damage.
Something hits you. The centaur closely misses you.
You closely miss something. You slash the centaur!
You kill the centaur!
Something hits you.
* * * LOW HITPOINT WARNING * * *
You closely miss something. You miss the quokka. The quokka barely misses you.
Something hits you!
You die...

,....# #
#.#.#
#.#.#.#
#.#.#.#
#.....##
#......# *
#......# *
#.(# * ,
#.@# #..r{#
* ,* #.....
*,**#$?..#.
*,
......#.#
##...### #
* #... ,
#... *


You could see a quokka.

Vanquished Creatures
  A centaur (D:5)
  A water moccasin zombie (D:4)
  A jelly (D:5)
  A centaur skeleton (D:4)
  An orc priest (D:4)
  4 worker ants (D:4)
  12 adders
  2 oozes
  3 worms
  2 dart slugs
  A leopard gecko (D:4)
  6 orcs
  7 ball pythons
  A giant cockroach (D:1)
  3 goblins
  7 hobgoblins
  4 jackals
  2 quokkas
  2 bats
  4 frilled lizards
  4 kobolds
  A quokka skeleton (D:4)
  6 rats
76 creatures vanquished.

Notes
Turn   | Place    | Note
-------+----------+-------------------------------------------
     0 | D:1      | KristoblXynda the Deep Dwarf Fighter began the quest for the Orb.
     0 | D:1      | Reached XP level 1. HP: 20/20 MP: 1/1
   122 | D:1      | Reached XP level 2. HP: 21/27 MP: 2/2
   676 | D:2      | Reached XP level 3. HP: 23/33 MP: 3/3
   701 | D:2      | Found a faded altar of an unknown god.
  1305 | D:3      | Reached XP level 4. HP: 12/40 MP: 4/4
  1720 | D:3      | Reached XP level 5. HP: 6/46 MP: 5/5
  2300 | D:4      | Reached skill level 5 in Shields
  2334 | D:4      | Reached XP level 6. HP: 17/55 MP: 6/6
  2339 | D:4      | Reached skill level 5 in Armour
  2621 | D:4      | Found a blossoming altar of Fedhas.
  3149 | D:5      | Entered Level 5 of the Dungeon
  3149 | D:5      | Noticed Sigmund
  3154 | D:5      | Reached skill level 5 in Axes
  3163 | D:5      | Slain by Sigmund

Vault maps used:
D:1:      lemuel_arrival_broad_hall
D:2:      ecumenical_altar_2
D:3:      minmay_snake_closets
D:4:      first_bread, fedhas_altar_1
D:5:      minmay_misc_feat_pillars, uniq_sigmund

Skill      XL: |  1  2  3  4  5  6 |
---------------+-------------------+-----
Shields        | 4 5 |  5.7
Axes           | 3 4 5 |  5.2
Armour         | 4 5 |  5.5
Fighting       | |  2.6

Action                   |  1- 3 |  4- 6 || total
-------------------------+-------+-------++-------
Melee: War axe           |   116 |   162 ||   278
Evoke: Wand              |       |     3 ||     3
  Use: Scroll            |       |    12 ||    12
       Potion            |       |     5 ||     5
  Eat: Chunk             |     1 |     7 ||     8
Armor: Scale mail        |    50 |    99 ||   149
Dodge: Dodged            |    36 |    71 ||   107
Block: Shield            |    66 |   118 ||   184
